[Event "LV Capablanca Memorial Premier 2022"]
[Site "La Habana"]
[Date "2022.04.19"]
[Round "1.1"]
[White "Hernandez Gil, Ineymig"]
[Black "Hernandez Moya, Yuleisy"]
[Result "1/2-1/2"]
[ECO "C07"]
[WhiteElo "2348"]
[BlackElo "2250"]
[Annotator "TA"]
[PlyCount "83"]
[EventDate "2022.04.20"]
[EventType "tourn"]
[EventCountry "CUB"]
[SourceTitle "playchess.com"]
[Source "ChessBase"]
[SourceQuality "1"]
[TimeControl "40/5400+30:1800+30"]

1. e4 e6 2. d4 d5 3. Nd2 c5 4. Ngf3 cxd4 5. Nxd4 Nc6 6. Bb5 Bd7 7. Nxc6 Bxc6 8. Bxc6+ bxc6 9. O-O {[%emt 0:01:21] C07: French Tarrasch: 3...c5, 4 Ngf3 and 4 exd5 Qxd5.} Nf6 10. Qe2 Qc7 {[%emt 0:04:46] [#]} 11. Re1 $146 ({Predecessor:} 11. e5 Nd7 12. Nf3 Rb8 13. Re1 Be7 14. b3 Bb4 15. Bd2 Bxd2 16. Qxd2 O-O 17. Re3 {½-½ (37) Rometti,N-Melngailis,E Buenos Aires 1939}) 11... Bc5 12. c4 O-O 13. b3 Bb4 {[%emt 0:18:48] Black wants to play ...Nxe4.} 14. exd5 exd5 ({Much worse is} 14... cxd5 15. Bb2 $11) 15. Rd1 Rfe8 16. Qf3 Qe5 {[%emt 0:12:57] Inhibits Bb2.} 17. Rb1 d4 18. a3 Bc3 $36 {[%emt 0:00:54][%mdl 2048] Black is pushing.} 19. Nf1 Qe2 (19... c5 $15) 20. Qxe2 Rxe2 21. Ng3 (21. f3 $1 $15) 21... Ra2 $17 22. f3 h6 (22... Re8 {keeps more tension.} 23. Kf1 h5 24. Bg5 Nh7) 23. b4 Re8 24. h3 (24. Bf4 $17) 24... Re1+ $2 (24... g5 $19 {Hoping for ...Kh7.} 25. Kh2 (25. Nf5 $2 Ree2 $19) 25... Kh7) 25. Rxe1 $11 Bxe1 26. Bf4 Bc3 (26... Bf2+ $11 27. Kf1 g5) 27. Rb3 (27. Nf5 $14 {keeps the upper hand.}) 27... g5 ({Black should play} 27... Kh7 $1 $17) 28. Be5 (28. Bb8 $1 $11) 28... Nd7 29. Bc7 Ra1+ 30. Kf2 $2 {[%emt 0:01:34] [#]} (30. Kh2 $17 {only move.}) 30... d3 $1 31. Ne4 $15 Bd4+ 32. Kg3 Rd1 {[%emt 0:00:16] White must now prevent ...f5.} 33. Nf2 $1 Bxf2+ 34. Kxf2 Nb6 (34... f5 $1 $11 {keeps the balance.}) 35. Bxb6 $16 axb6 {[%emt 0:00:01][%mdl 4096] Endgame KR-KR} 36. Ke3 d2 37. Rd3 Rc1 $2 (37... Kf8 $16) 38. Kxd2 $18 ({Worse is} 38. Rxd2 Rxc4 39. Ra2 b5 $11) 38... Rxc4 {[%emt 0:00:08] [#]} 39. Rd6 $2 (39. Rc3 $1 $18 Rxc3 40. Kxc3) 39... Kg7 $11 {[%emt 0:00:16] The position is equal.} 40. Rd7 h5 41. Rd6 f6 42. Rd7+ {[%emt 0:06:24] Quite a comeback for White.  Weighted Error Value: White=0.29 (precise) /Black=0.40} 1/2-1/2

[Event "LV Capablanca Memorial Premier 2022"]
[Site "La Habana"]
[Date "2022.04.19"]
[Round "1.2"]
[White "Bulmaga, Irina"]
[Black "Forgas Moreno, Yaniela"]
[Result "1-0"]
[ECO "B07"]
[WhiteElo "2390"]
[BlackElo "2303"]
[Annotator "TA"]
[PlyCount "85"]
[EventDate "2022.04.20"]
[EventType "tourn"]
[EventCountry "CUB"]
[SourceTitle "playchess.com"]
[Source "ChessBase"]
[SourceQuality "1"]
[TimeControl "40/5400+30:1800+30"]

1. e4 c5 2. c3 d6 3. d4 Nf6 4. Bd3 Nc6 5. Nf3 g6 6. d5 Nb8 7. h3 Bg7 8. O-O O-O {[%emt 0:00:41] B07: Pirc Defence: Miscellaneous Systems.} 9. Re1 Re8 10. c4 e5 {[%emt 0:01:59] White is better.} 11. Nc3 Nh5 12. Bg5 {[%emt 0:04:48] [#]} f6 $146 ({Predecessor:} 12... Bf6 13. Be3 Na6 14. a3 Nf4 15. Bc2 Kh8 16. Rb1 g5 17. Nh2 Rg8 18. Ne2 Nxe2+ 19. Qxe2 {1-0 (46) Magem Badals,J (2535)-Dorfman,J (2600) France 1998}) 13. Be3 Nf4 14. Bf1 f5 15. exf5 Bxf5 16. g4 Bc8 17. Bxf4 exf4 18. Rxe8+ Qxe8 {[%emt 0:00:05] [#]} 19. Qd2 (19. Nb5 $142 $1 {[%cal Rb5c7] aiming for Nc7.} Qd8 20. Qe2) 19... Qf8 $16 20. Nb5 {[%emt 0:04:10] Pair of Knights!} Na6 {[%emt 0:01:08] Prevents Nc7.} (20... Nd7 $14) 21. Re1 Bd7 22. Re4 $36 {[%emt 0:02:05][%mdl 2048] Keeping Black busy.} Bxb5 23. cxb5 (23. Rxf4 $6 Qe7 24. cxb5 Nc7 $14) 23... Nc7 24. Ng5 (24. Rxf4 Qe7 $14) (24. b4 $142) 24... Qf6 25. Ne6 Nxe6 26. dxe6 Qe7 27. b4 ({Don't play} 27. Qxf4 Bxb2 28. Qd2 Bd4 $11) 27... g5 28. bxc5 dxc5 29. Qd5 Bf6 30. Bc4 {[%emt 0:01:54] &Bianco is much more active.} Kg7 31. h4 Rd8 32. Qf5 Rd4 (32... b6 $16) 33. hxg5 $18 Bxg5 34. Qe5+ Bf6 35. Qxf4 Rxe4 36. Qxe4 Bd4 37. Kg2 (37. Kf1 $18) 37... Kf8 $2 {[%emt 0:00:33] This move loses the game for Black.} (37... h5 $16 38. f4 (38. gxh5 Qg5+ 39. Kf3 Qxh5+ 40. Qg4+ Qxg4+ 41. Kxg4 Kf8 $16) 38... hxg4) 38. Kg3 {[%emt 0:00:31] Qf4+ is the strong threat.} Ke8 $2 (38... h6 39. f4 b6 40. Qf5+ Kg7) 39. f4 {[%emt 0:01:01] White is clearly winning.} Kd8 (39... Bc3 $142 40. Bd5 Bf6 41. Bxb7 h6) 40. g5 Kc7 41. Kg4 {[%emt 0:03:17] [#] Strongly threatening f5.} Kd8 42. Bd5 Qg7 43. Bxb7 {[%emt 0:01:44] Weighted Error Value: White=0.10 (very precise) /Black=0.37} 1-0

[Event "LV Capablanca Memorial Premier 2022"]
[Site "La Habana"]
[Date "2022.04.19"]
[Round "1.3"]
[White "Cori Tello, Deysi"]
[Black "Kiolbasa, Oliwia"]
[Result "1-0"]
[ECO "A17"]
[WhiteElo "2391"]
[BlackElo "2388"]
[Annotator "TA"]
[PlyCount "59"]
[EventDate "2022.04.20"]
[EventType "tourn"]
[EventCountry "CUB"]
[SourceTitle "playchess.com"]
[Source "ChessBase"]
[SourceQuality "1"]
[TimeControl "40/5400+30:1800+30"]

1. c4 e6 2. Nc3 d5 3. e3 Nf6 4. Nf3 Nbd7 5. b3 a6 6. Bb2 {[%emt 0:01:26] A17: English Opening: 1...Nf6 with ...Bb4.} Bd6 7. Qc2 O-O 8. Be2 {[%emt 0:02:20] The position is equal.} Re8 {[%emt 0:11:45] [#]} 9. Rd1 $146 ({Predecessor:} 9. h4 Nf8 10. O-O-O c6 11. a4 Bd7 12. Rdg1 e5 13. cxd5 cxd5 14. Nxd5 Nxd5 15. Bc4 Bc6 16. h5 Nb4 17. Qf5 Qf6 18. Qxf6 gxf6 19. g4 Bxf3 {0-1 (19) Galvan Lube,C-Abdul Malek,O Vitoria 2001}) 9... b6 10. cxd5 exd5 11. g4 (11. d4 $11 {remains equal.}) 11... Bb7 $17 {[%emt 0:02:23][%cal Od5d4] aiming for ...d4!} 12. Rg1 d4 13. g5 dxc3 ({Better is} 13... Bxf3 $15 14. Bxf3 Ne5) 14. gxf6 $11 Qxf6 (14... cxb2 15. Rxg7+ Kf8 16. Rxf7+ $3 Kxf7 17. Qxh7+ Kxf6 18. Qh6+ Kf7 19. Bc4+) 15. Bxc3 Ne5 $1 16. Ng5 Qg6 17. Qb2 (17. Rc1 $11) 17... h6 18. d4 {[%emt 0:01:45][%cal Bd2d4,Bd4d5][%mdl 32] [#]} Nd7 (18... hxg5 $6 19. dxe5 Be7 20. h4 $15) (18... Nc4 $1 $17 19. bxc4 Bxh2) 19. Nf3 Qf5 (19... Qf6 $142 20. d5 Bb4 $1) 20. d5 $1 Ne5 $1 21. Nxe5 Bxe5 (21... Rxe5 $11 22. Bg4 Qg5) 22. f4 $14 Bxc3+ 23. Qxc3 g6 24. Kf2 ({Don't play} 24. Qxc7 Rxe3 $1 25. Qxb7 Rae8 26. Qxa6 (26. Rg2 Qe4 27. Kd2 Qxg2 28. Qc7 Qxe2+ 29. Kc1 Qxa2 30. Rd2 Re1+ 31. Rd1 Qa1+ 32. Kc2 Qxd1+ 33. Kc3 R8e3+ 34. Kc4 Qxb3+ 35. Kd4 Re4#) 26... Rxe2+ 27. Qxe2 Rxe2+ 28. Kxe2 Qe4+ 29. Kf2 Qxf4+ 30. Kg2 Qe4+ 31. Kf2 Qf4+ 32. Kg2 Qe4+ 33. Kg3 Qe3+ 34. Kg2 Qe2+ 35. Kg3 Qe3+ 36. Kg2 Qe2+ 37. Kg3 Qe3+ $17) (24. Rg3 $1 $14 {should be considered.}) 24... Qh3 $11 (24... Bxd5 $2 25. Bg4 Qe4 26. Rd4 $18) 25. Bf3 Rad8 {[%emt 0:00:49] [#]} ({Resist} 25... Qxh2+ 26. Rg2 Qh4+ 27. Rg3 $16) (25... Qh4+ $1 $11 {keeps the balance.} 26. Rg3 Re7) 26. Rg3 $1 $36 {[%emt 0:05:42][%mdl 2048] Black is under strong pressure. Really sharp!} Qxh2+ {[%emt 0:00:13] [#]} ({Black should play} 26... Qh4) 27. Bg2 $1 {[%emt 0:00:07] &Bianco is more active.} Bxd5 $2 (27... Rxd5 {is more resistant.} 28. Rh1 Rc5 29. Rxh2 Rxc3 30. Bxb7 Kg7) 28. Rh1 $18 {[%emt 0:00:35] White is clearly winning.} Qxh1 29. Bxh1 Bxh1 30. Rh3 {[%emt 0:00:23] Weighted Error Value: White=0.19 (very precise) /Black=0.32} 1-0

[Event "LV Capablanca Memorial Premier 2022"]
[Site "La Habana"]
[Date "2022.04.19"]
[Round "1.4"]
[White "Miranda Llanes, Yerisbel"]
[Black "Ordaz Valdes, Lisandra Teresa"]
[Result "1/2-1/2"]
[ECO "E46"]
[WhiteElo "2261"]
[BlackElo "2371"]
[Annotator "TA"]
[PlyCount "57"]
[EventDate "2022.04.20"]
[EventType "tourn"]
[EventCountry "CUB"]
[SourceTitle "playchess.com"]
[Source "ChessBase"]
[SourceQuality "1"]
[TimeControl "40/5400+30:1800+30"]

1. d4 Nf6 2. c4 e6 3. Nc3 Bb4 4. e3 O-O 5. Bd2 c5 6. a3 {[%emt 0:00:38] E46: Nimzo-Indian: Rubinstein: 4 e3 0-0 5 Ne2 without early Bd3.} Bxc3 7. Bxc3 Ne4 8. Ne2 b6 9. d5 Bb7 ({Don't play} 9... Qh4 10. g3 Qh5 11. Bg2 exd5 12. Qc2 $14 (12. cxd5 f5 $14) (12. Qxd5 Qxd5 13. cxd5 Re8 $14)) 10. Qd3 exd5 11. cxd5 Re8 12. Ng3 {[%emt 0:12:14] [#]} Nxc3 $146 (12... Ba6 {is interesting.} 13. Qc2 Nxc3 14. Bxa6 Nxa6 15. bxc3 Nc7) ({Predecessor:} 12... Ba6 13. Qc2 Nxc3 14. Bxa6 Nxa6 15. bxc3 d6 16. O-O b5 17. c4 bxc4 18. Qxc4 Nc7 {½-½ (39) Sandipan,C (2543)-Redzisz,M (2257) Tegernsee 2021}) 13. bxc3 d6 14. Be2 Nd7 15. O-O g6 16. f4 c4 17. Qd4 b5 18. Rab1 Qb6 19. e4 Ba6 20. Bf3 Rab8 21. h4 h5 22. Kh2 Qd8 ({Reject} 22... Qxd4 23. cxd4 Rb6 24. e5 $14) 23. Kh3 Bc8 24. f5 Qf6 25. Qd2 (25. Qxf6 $1 $11 Nxf6 26. a4) 25... Nc5 26. Qf4 Nd3 (26... Qxc3 $6 27. Qxd6 Nb3 28. Kh2 $15) ({Better is} 26... Kg7 $17) 27. Qd2 ({White should try} 27. Qg5 $1 $15 Qxg5 28. hxg5) 27... Nc5 (27... gxf5 $19 28. exf5 Bxf5+ 29. Nxf5 Qxf5+ 30. Kh2 Qg6) 28. Qf4 $17 Nd3 ({Much weaker is} 28... Qxc3 $6 29. Qxd6 Nb3 30. Kh2 $15) (28... Kg7 $17) 29. Qd2 $1 {Weighted Error Value: White=0.16 (very precise) /Black=0.19 (very precise)} 1/2-1/2

[Event "LV Capablanca Memorial Premier 2022"]
[Site "La Habana"]
[Date "2022.04.19"]
[Round "1.5"]
[White "Lujan, Carolina"]
[Black "Arribas Robaina, Maritza"]
[Result "1/2-1/2"]
[ECO "C54"]
[WhiteElo "2334"]
[BlackElo "2204"]
[Annotator "TA"]
[PlyCount "63"]
[EventDate "2022.04.20"]
[EventType "tourn"]
[EventCountry "CUB"]
[SourceTitle "playchess.com"]
[Source "ChessBase"]
[SourceQuality "1"]
[TimeControl "40/5400+30:1800+30"]

1. e4 e5 2. Nf3 Nc6 3. Bc4 Bc5 4. c3 Nf6 5. d3 O-O 6. O-O d5 7. exd5 Nxd5 8. a4 {[%emt 0:00:10] C54: Giuoco Piano: 4 c3 Nf6, main lines with 5 d4 and 5 d3.} (8. Re1 $5 ) 8... a5 9. Re1 Bg4 10. Nbd2 Nb6 11. Bb5 f6 12. Ne4 Be7 13. h3 Bh5 14. Ng3 Bf7 15. d4 exd4 $1 16. Bxc6 bxc6 17. Nxd4 Bc5 18. Qg4 {[%emt 0:10:58] [#] Strongly threatening Bh6.} Bxd4 19. cxd4 {[%emt 0:00:06] [#]} Re8 $146 ({Predecessor:} 19... Nd5 20. Bd2 Qc8 21. Qf3 Qd7 22. Ne4 Nb6 23. Qg4 Qxg4 24. hxg4 Nc4 25. Bc3 Rfb8 {1-0 (32) Quesada Perez,Y (2627)-Bora,S (2370) Chess.com INT 2018}) 20. Bd2 Qd7 21. Qxd7 Nxd7 22. Rxe8+ Bxe8 23. Re1 Nb6 24. b4 axb4 25. Bxb4 Nd5 26. Bd2 {[%emt 0:03:35] The position is equal.} c5 $1 27. dxc5 Bxa4 28. Nf5 Re8 29. Rxe8+ Bxe8 30. Ba5 Bd7 31. Ne3 Nxe3 32. fxe3 {[%emt 0:00:07] Weighted Error Value: White=0.07 (flawless) /Black=0.04 (flawless)} 1/2-1/2

[Event "LV Capablanca Memorial Premier 2022"]
[Site "La Habana"]
[Date "2022.04.20"]
[Round "2.1"]
[White "Hernandez Moya, Yuleisy"]
[Black "Arribas Robaina, Maritza"]
[Result "0-1"]
[ECO "C54"]
[WhiteElo "2250"]
[BlackElo "2204"]
[Annotator "TA"]
[PlyCount "101"]
[EventDate "2022.04.20"]
[EventType "tourn"]
[EventCountry "CUB"]
[SourceTitle "playchess.com"]
[Source "ChessBase"]
[SourceQuality "1"]
[TimeControl "40/5400+30:1800+30"]

1. e4 e5 2. Nf3 Nc6 3. Bc4 Bc5 4. O-O Nf6 5. d3 O-O 6. Re1 h6 {[%emt 0:01:11] 6...Ng4 gains popularity.} 7. c3 d6 {[%emt 0:01:49] C54: Giuoco Piano: 4 c3 Nf6, main lines with 5 d4 and 5 d3.} 8. a4 a6 9. b4 Ba7 {[%emt 0:00:39] White has an edge.} 10. h3 Be6 11. Bb3 {[%emt 0:07:14] [#]} Bxb3 $146 ({Predecessor:} 11... Ne7 12. Nbd2 Ng6 13. Bc2 Qd7 14. Nf1 c6 15. d4 Rfe8 16. Ng3 Qc7 17. Be3 Red8 {1-0 (28) Hernandez Moya,Y (2191)-Pages Roman,S (1997) Havana 2018}) 12. Qxb3 Re8 13. Ra2 b5 14. Na3 Qb8 15. Be3 Bxe3 16. Rxe3 Qb7 17. Nh4 Ne7 18. c4 bxa4 19. Qxa4 Reb8 20. Nc2 c5 21. bxc5 dxc5 22. Nf5 Nxf5 23. exf5 Qc7 24. Ne1 Rb1 25. Qa5 Qxa5 ({Black should try} 25... Qd6 $11) 26. Rxa5 $14 Nd7 27. g4 Kf8 28. Kg2 Ke7 29. Nf3 Kd6 30. Nd2 Rb2 31. Ne4+ Kc6 32. Kf3 Kb6 33. Ra3 a5 34. Nc3 {[%emt 0:00:48] [#] Hoping for Na4+.} Kc6 35. Re1 f6 36. Rea1 Nb6 37. Ke3 Rc2 (37... Rb4 $11) 38. Na4 (38. Rb3 $16) 38... Nc8 $2 (38... Nd7 $14) 39. Rb1 $18 Nd6 40. Rb6+ Kc7 41. Rab3 Ra2 $2 (41... Rxc4 42. dxc4 Nxc4+ 43. Ke2 Nxb6 44. Rxb6 (44. Nxb6 Rd8 $18) 44... c4) 42. Nxc5 {[%emt 0:02:36] [#] And now Ne6+ would win.} a4 43. R3b4 {[%emt 0:04:06] aiming for Ne6+.} a3 44. Ne6+ Kd7 45. c5 Nc8 46. Rb7+ Kc6 47. Nd8+ Kd5 48. R4b5 $2 (48. Rd7+ {mates} Kxc5 49. Rc4+ Kb5 50. Rd5+ Ka6 51. Ra4+ Kb6 52. Rxa8 Kc7 53. Ne6+ Kb7 54. Rda5) 48... Ra7 49. c6+ (49. Rb8 $18 {is more deadly.} Rb2 50. Rxb2 axb2 51. Rxb2) 49... Kd6 $16 50. Rb8 Nb6 51. R8xb6 {[%emt 0:00:26][%mdl 32768] Weighted Error Value: White=0.24 (precise) /Black=0.37. Loss on time!?} 0-1

[Event "LV Capablanca Memorial Premier 2022"]
[Site "La Habana"]
[Date "2022.04.20"]
[Round "2.2"]
[White "Ordaz Valdes, Lisandra Teresa"]
[Black "Lujan, Carolina"]
[Result "1/2-1/2"]
[ECO "D90"]
[WhiteElo "2371"]
[BlackElo "2334"]
[Annotator "TA"]
[PlyCount "26"]
[EventDate "2022.04.20"]
[EventType "tourn"]
[EventCountry "CUB"]
[SourceTitle "playchess.com"]
[Source "ChessBase"]
[SourceQuality "1"]
[TimeControl "40/5400+30:1800+30"]

1. d4 Nf6 2. c4 g6 3. Nc3 d5 4. Nf3 Bg7 5. h4 c6 6. cxd5 {[%emt 0:02:53] D90: Grünfeld: 4 Nf3 Bg7 sidelines.} cxd5 7. Bf4 Nc6 8. e3 {[%emt 0:00:22] White has an edge.} (8. Qb3 {is interesting.} Na5 9. Qa3 Nc4 10. Qb4) 8... Bf5 9. Qb3 Qb6 10. Qxb6 axb6 11. Bb5 {[%emt 0:09:23] [#]} O-O $146 ({Predecessor:} 11... Bd7 12. Ke2 Kd8 13. Rhc1 h6 14. a3 e6 15. b4 Ne4 16. Na4 Nxd4+ 17. Nxd4 Bxb5+ 18. Nxb5 Rxa4 {1-0 (53) Li,C (2732)-Olafsson,H (2508) Chess.com INT 2018}) 12. Ne5 Nb4 13. O-O {[%emt 0:13:50] Threatens to win with a3.} Ne4 $1 {[%emt 0:02:31] Weighted Error Value: White=0.03 (flawless) /Black=0.11 (very precise)} 1/2-1/2

[Event "LV Capablanca Memorial Premier 2022"]
[Site "La Habana"]
[Date "2022.04.20"]
[Round "2.3"]
[White "Kiolbasa, Oliwia"]
[Black "Miranda Llanes, Yerisbel"]
[Result "1-0"]
[ECO "C78"]
[WhiteElo "2388"]
[BlackElo "2261"]
[Annotator "TA"]
[PlyCount "69"]
[EventDate "2022.04.20"]
[EventType "tourn"]
[EventCountry "CUB"]
[SourceTitle "playchess.com"]
[Source "ChessBase"]
[SourceQuality "1"]
[TimeControl "40/5400+30:1800+30"]

1. e4 e5 2. Nf3 Nc6 3. Bb5 a6 4. Ba4 Nf6 5. O-O b5 6. Bb3 Bc5 7. c3 d6 8. d4 Bb6 9. a4 Rb8 10. a5 {[%emt 0:01:02] C78: Ruy Lopez: Archangelsk and Möller Defences.} Ba7 (10... Nxa5 11. Rxa5 Bxa5 12. dxe5 $14) (10... Bxa5 $2 11. dxe5 (11. d5 Ne7 $18) 11... dxe5 12. Qxd8+ Kxd8 13. Bd5 (13. Bxf7 Bb6 $16) 13... Nxd5 14. exd5 $18) 11. h3 O-O 12. Be3 {[%emt 0:00:41] The position is equal.} exd4 {[%emt 0:00:23] 12...Re8 is the modern continuation.} 13. cxd4 Nb4 14. Nc3 Bb7 15. Ng5 $36 {[%emt 0:02:40][%mdl 2048] White has some pressure.} c5 $2 {[%emt 0:09:21] [#] A mistake that costs the game.} (15... h6 $2 16. Nxf7 Rxf7 17. Bxf7+ Kxf7 18. Qb3+ Nbd5 19. f3 $16 (19. Nxd5 Nxd5 20. exd5 Kg8 $16) (19. exd5 Qd7 $16)) (15... Qe7 $11 {and Black has nothing to worry.}) 16. dxc5 $146 ({Predecessor:} 16. e5 Nfd5 17. Qh5 h6 18. Nxf7 Qe8 19. dxc5 Rxf7 20. exd6 Qc6 21. Nxd5 Nxd5 22. Bxd5 Qxd5 23. Qxd5 Bxd5 {½-½ (61) Miton,K (2655)-Kazhgaleyev,M (2579) France 2007}) 16... Bxc5 {[%emt 0:09:48] [#]} (16... dxc5 $142 17. e5 Nfd5) 17. e5 $1 Bxe3 18. Nxf7 {[%emt 0:03:24] Really sharp!} Rxf7 19. Bxf7+ Kxf7 20. fxe3 (20. exf6 Bc5 21. Qh5+ Kg8 22. f7+ (22. fxg7 Qd7 $17) 22... Kf8 $11) 20... dxe5 {[%emt 0:02:48] [#] Strongly threatening ...Qxd1.} 21. Qb3+ Kg6 (21... Nbd5 $2 22. e4 $18) (21... Ke8 $142 22. Qxb4 Qe7) 22. Qxb4 Qd2 23. Rf2 Qxe3 24. Rd1 {[%emt 0:01:30] Prevents Rd8.} Rc8 25. Qd6 {[%emt 0:02:49] Rd3 is the strong threat.} Rc4 26. Rd3 Qc1+ 27. Kh2 {[%emt 0:02:37] aiming for Rg3+.} Rf4 {[%emt 0:17:01] [#]} 28. Ne2 $1 {[%emt 0:10:29][%mdl 512] And now Rg3+ would win.} Rxf2 29. Rg3+ {[%emt 0:00:10][%mdl 64] Skewer} ({Stronger than} 29. Nxc1 Rxg2+ 30. Kh1 Rg5+ 31. Kh2 Rg2+ 32. Kh1 Rg5+ 33. Kh2 Rg2+ $11) 29... Qg5 30. Rxg5+ Kxg5 31. Qxe5+ Rf5 32. h4+ Kg4 33. Qg3+ Kh5 34. Nf4+ (34. Qxg7 $142 Kxh4 35. g3+ Kh5 36. Nf4+ Rxf4 37. gxf4 h6 38. Qxf6 Kg4 39. Qg7+ Kxf4 40. Qxb7) 34... Kh6 35. Ne6 {[%emt 0:00:14] Weighted Error Value: White=0.05 (flawless) /Black=0.90} 1-0

[Event "LV Capablanca Memorial Premier 2022"]
[Site "La Habana"]
[Date "2022.04.20"]
[Round "2.4"]
[White "Forgas Moreno, Yaniela"]
[Black "Cori Tello, Deysi"]
[Result "1-0"]
[ECO "A03"]
[WhiteElo "2303"]
[BlackElo "2391"]
[Annotator "TA"]
[PlyCount "73"]
[EventDate "2022.04.20"]
[EventType "tourn"]
[EventCountry "CUB"]
[SourceTitle "playchess.com"]
[Source "ChessBase"]
[SourceQuality "1"]
[TimeControl "40/5400+30:1800+30"]

1. d3 d5 2. f4 g6 3. Nf3 Bg7 4. g3 Nh6 5. c3 O-O 6. Bg2 {[%emt 0:00:59] A03: Bird's Opening with 1...d5.} c5 7. O-O d4 8. e4 dxe3 9. Bxe3 Qc7 10. h3 Rd8 11. Qe2 Nf5 12. Bf2 {[%emt 0:05:21] [#]} h5 $146 ({Predecessor:} 12... Nd6 13. Nbd2 b6 14. Ne4 Nxe4 15. dxe4 Ba6 16. c4 Nc6 17. e5 Rac8 18. b3 Bb7 {½-½ (49) Pogosian,V (1992)-Odegov,A (2261) St Petersburg 2019}) 13. Re1 Nc6 14. Ne5 Nxe5 15. fxe5 Be6 16. Nd2 Rac8 17. Nf3 Bd5 18. b3 Qa5 19. Rac1 (19. g4 {is interesting.} hxg4 20. hxg4 Nh6 21. c4) 19... Rc6 (19... Bh6 $5 20. Rc2 Ng7 $11) 20. g4 hxg4 21. hxg4 Nh6 22. Nh4 (22. c4 $11 Be6 23. Nh2) 22... Qa6 23. Rcd1 Re6 24. Bg3 ({But not} 24. Bxc5 $2 Bxe5 25. Qd2 Nxg4 $19) 24... Qa5 25. Rc1 (25. Bxd5 $11 Rxd5 26. Qf3) 25... Qc7 (25... Bxg2 $15 {deserves consideration.} 26. Kxg2 f5) 26. d4 Rc6 $36 {[%emt 0:01:47][%mdl 2048] Threatens to win with ...cxd4. Black is more active.} 27. g5 Nf5 28. Nxf5 gxf5 29. Bxd5 Rxd5 30. Qf3 Qd7 ({Black should play} 30... e6 $17 31. Qf4 cxd4 32. cxd4 Qa5) 31. Bf2 Rg6 32. Be3 (32. Kf1 $11 {and White is okay.}) 32... f4 $2 (32... cxd4 $19 33. cxd4 Rxd4) 33. Bxf4 $11 ({Much worse is} 33. Qxf4 Bh6 34. Qg3 (34. Rf1 $2 Rxg5+ 35. Qxg5+ Bxg5 $19) 34... cxd4 35. cxd4 {[#]} Bxg5 $1 36. Bxg5 f6 $17) 33... cxd4 34. c4 Ra5 {[%emt 0:00:18] [#] Hoping for ...Qf5.} 35. a4 Qf5 ({Black should try} 35... Bh6 $1 $15 36. Rc2 Bxg5 37. Bxg5 Rxg5+ 38. Rg2 Rxg2+ 39. Kxg2 Ra6) 36. Kf2 $1 Bxe5 37. Bd2 {[%mdl 32768] Weighted Error Value: White=0.21 (precise) /Black=0.26 (precise) . Loss on time!?} 1-0

[Event "LV Capablanca Memorial Premier 2022"]
[Site "La Habana"]
[Date "2022.04.20"]
[Round "2.5"]
[White "Hernandez Gil, Ineymig"]
[Black "Bulmaga, Irina"]
[Result "1/2-1/2"]
[ECO "B11"]
[WhiteElo "2348"]
[BlackElo "2390"]
[Annotator "TA"]
[PlyCount "102"]
[EventDate "2022.04.20"]
[EventType "tourn"]
[EventCountry "CUB"]
[SourceTitle "playchess.com"]
[Source "ChessBase"]
[SourceQuality "1"]
[TimeControl "40/5400+30:1800+30"]

1. e4 c6 2. Nc3 d5 3. Nf3 Bg4 4. h3 Bxf3 5. Qxf3 e6 6. d4 dxe4 7. Qxe4 {[%emt 0:00:33] B11: Caro-Kann: Two Knights Variation.} Nf6 8. Qd3 Be7 9. Be2 O-O 10. O-O Nbd7 11. Ne4 Nxe4 12. Qxe4 Nf6 13. Qd3 {[%emt 0:05:59] [#]} Qd6 $146 ({Predecessor:} 13... Qd5 14. c3 Rad8 15. Bf3 Qa5 16. a4 Qc7 17. a5 a6 18. b4 Bd6 19. Bg5 Be7 {1-0 (45) Donchenko,A (2631)-Sucikova,S (2127) Chess.com INT 2019}) 14. c3 Nd5 15. Qe4 Bf6 16. Bd3 {[%emt 0:04:40][%csl Gd3][%cal Re4h7] [#]} g6 17. Re1 Rfe8 {[%emt 0:05:18] The position is equal.} 18. Bh6 Bg7 19. Bxg7 Kxg7 20. Rad1 Rad8 21. g3 Nf6 22. Qe3 h5 23. h4 Ng4 24. Qg5 e5 25. dxe5 Qc5 26. Qf4 Rxe5 27. Rxe5 {[%emt 0:02:33] The board is on fire.} Nxe5 28. Be2 Rxd1+ 29. Bxd1 Qd6 30. Be2 Qd5 31. a3 b6 32. c4 Qd6 33. Kg2 f6 34. b4 c5 35. b5 Qd4 36. Qxd4 cxd4 $11 {[%emt 0:00:02][%mdl 4096] Endgame KB-KN} 37. f4 Nd7 (37... d3 38. fxe5 (38. Kf2 Nxc4 39. Bxd3 Nb2 $11) 38... dxe2 39. Kf2 fxe5 40. a4 $18) 38. Kf2 Kf7 39. Bf3 Ke6 40. Be4 f5 41. Bd5+ Ke7 42. Ke2 Nc5 43. Kf3 Kf6 44. Bc6 Ke6 45. Bd5+ Ke7 46. Bc6 Na4 47. Ke2 Nc5 48. Kf3 a6 49. bxa6 Nxa6 50. Ke2 {[%emt 0:01:44] [#] Strongly threatening Kd3.} Nc5 51. Kf3 Ke6 {[%emt 0:00:36] An even fight not without its subleties.  Weighted Error Value: White=0.02 (flawless) /Black=0.02 (flawless)} 1/2-1/2